 Dungeon Crawl Stone Soup version 0.31.0-11-ge490571c62 (webtiles) character file.

Game seed: 11480077267987732184

38217 mdonais the Martial Artist (level 14, -4/124 HPs)
             Began as an Octopode Wanderer on Jan 26, 2024.
             Was a Priest of Uskayaw.
             Slain by a death yak (17 damage)
             ... on level 3 of the Lair of Beasts on Jan 27, 2024.
             The game lasted 01:42:08 (25829 turns).

mdonais the Martial Artist (Octopode Wanderer)     Turns: 25829, Time: 01:42:08

Health: -4/124     AC: 13    Str: 17    XL:     14   Next: 1%
Magic:  21/21      EV: 22    Int: 11    God:    Uskayaw [***...]
Gold:   258        SH:  0    Dex: 25    Spells: 11/13 levels left

rFire   . .          .
                       - Unarmed
rCold   + . .        (shield currently unavailable)
rNeg    . . .        a - melded +2 hat
rPois   +            b - amulet of faith
rElec   .            g - ring of flight
rCorr   .            x - +4 ring of protection
SInv    .            u - ring of willpower
Will    ++...        m - +5 ring of evasion
Stlth   ++++         y - +6 ring of dexterity
HPRegen 0.40/turn    c - ring of protection from cold
MPRegen 0.17/turn    (no ring)
                     (no ring)

%: faith
@: snake-form, flying
A: constrict, boosted hp, almost no armour, amphibious, 8 rings, large,
(camouflage 1), (gelatinous body 1), (nimble swimmer 1), (tentacles)
a: Begin Untransformation, Renounce Religion, Stomp, Line Pass


You were on level 3 of the Lair of Beasts.
You worshipped Uskayaw.
Uskayaw was aware of your devotion.
You were an enormous serpent.
You visited 4 branches of the dungeon, and saw 18 of its levels.
You also visited: Bailey.

You collected 2214 gold pieces.
You spent 1956 gold pieces at shops.

Inventory:

Hand Weapons
 M - a +2 orcbow of electrocution
   (You took it off a centaur warrior on level 10 of the Dungeon)
Missiles
 t - 7 boomerangs
 v - 7 javelins
 B - 14 poisoned darts (quivered)
 F - 3 curare-tipped darts
Armour
 a - a +2 hat (melded)
Jewellery
 b - an amulet of faith (around neck)
   (You found it on level 10 of the Dungeon)
 c - a ring of protection from cold (on tentacle)
   (You bought it in a shop on level 6 of the Dungeon)
 g - a ring of flight (left tentacle)
   (You found it on level 5 of the Dungeon)
 i - a ring of fire
   (You found it on level 2 of the Lair of Beasts)
 m - a +5 ring of evasion (on tentacle)
   (You bought it in a shop on level 2 of the Orcish Mines)
 u - a ring of willpower (on tentacle)
   (You took it off Erica on level 10 of the Dungeon)
 x - a +4 ring of protection (right tentacle)
   (You bought it in a shop on level 6 of the Dungeon)
 y - a +6 ring of dexterity (on tentacle)
   (You bought it in a shop on level 2 of the Orcish Mines)
 L - an amulet of guardian spirit
   (You found it on level 10 of the Dungeon)
Talismans
 d - a flux talisman
   (You found it on level 7 of the Dungeon)
 h - a serpent talisman (active)
   (You bought it in a shop on level 6 of the Dungeon)
Wands
 z - a wand of roots (2)
   (You took it off Erica on level 10 of the Dungeon)
 E - a wand of charming (5)
   (You found it on level 9 of the Dungeon)
 V - a wand of flame (2)
   (You found it on level 4 of the Lair of Beasts)
Scrolls
 e - a scroll of fear
 f - 2 scrolls of poison
 o - 4 scrolls of enchant armour
 p - a scroll of amnesia
 r - 2 scrolls of vulnerability
 C - 2 scrolls of summoning
 D - 4 scrolls of fog
 I - 5 scrolls of immolation {unknown}
 J - a scroll of revelation
 T - 5 scrolls of teleportation
Potions
 j - 3 potions of brilliance {unknown}
 k - 2 potions of heal wounds
 l - 3 potions of mutation
 n - 2 potions of magic
 q - a potion of resistance
 s - 3 potions of lignification
 w - a potion of berserk rage
 A - 3 potions of enlightenment
 G - 4 potions of attraction {unknown}
 H - 4 potions of haste
 O - a potion of invisibility
 Q - 3 potions of curing


   Skills:
 + Level 12.4 Fighting
 + Level 8.7 Dodging
 - Level 8.0 Stealth
 + Level 12.4 Unarmed Combat
 + Level 9.7 Invocations
 - Level 3.0 Evocations
 - Level 10.0 Shapeshifting


You had 11 spell levels left.
You knew the following spells:

 Your Spells              Type           Power      Damage    Failure   Level
a - Jinxbite              Hex            0%         N/A       47%         2

Your spell library contained the following spells:

 Spells                   Type           Power      Damage    Failure   Level
 Apportation              Tloc           0%         N/A       34%         1
 Blink                    Tloc           0%         N/A       47%         2
 Ensorcelled Hibernation  Hex/Ice        0%         N/A       47%         2
 Lesser Beckoning         Tloc           0%         N/A       47%         2
 Momentum Strike          Conj/Tloc      0%         3d8       47%         2
 Scorch                   Fire           0%         2d5       47%         2
 Hailstorm                Conj/Ice       0%         3d5       71%         3
 Passwall                 Erth           0%         N/A       71%         3
 Summon Ice Beast         Ice/Summ       0%         N/A       71%         3
 Swiftness                Air            0%         N/A       71%         3
 Ignite Poison            Fire/Alch      0%         N/A       98%         4
 Olgreb's Toxic Radiance  Alch           0%         N/A       98%         4
 Sticky Flame             Fire/Alch      0%         2d4       98%         4
 Alistair's Intoxication  Alch           0%         N/A       100%        5
 Sculpt Simulacrum        Ice/Alch       0%         N/A       100%        6
 Ozocubu's Refrigeration  Ice            0%         4d7       100%        7
 Discord                  Hex            0%         N/A       100%        8
 Ignition                 Fire           0%         3d3       100%        8


Dungeon Overview and Level Annotations

Branches:
Dungeon (11/15) Zot: 24640  Temple (1/1) D:5 Zot: 5179    Lair (4/5) D:11 Zot: 19091
 Shoals (0/4) Lair:3       Spider (0/4) Lair:3          Orc (2/2) D:11 Zot: 8096
    Elf (0/3) Orc:2        Bailey (visited)
  Slime: Lair:4-5

Altars:
Ashenzari
Cheibriados
Dithmenos
Elyvilon
Fedhas
Gozag
Hepliaklqana
Kikubaaqudgha
Makhleb
Nemelex Xobeh
Okawaru
Qazlal
Ru
Sif Muna
Trog
Uskayaw
Vehumet
Wu Jian
Xom
Yredelemnul
Zin
The Shining One

Shops:
D:6 =   Orc:2 (*=[

Annotations:
D:9 exclusion: 3 doors
D:10 1 exclusion


Innate Abilities, Weirdness & Mutations

You are an enormous serpent.
You have a powerful constriction melee attack.
Your maximum health is increased.
Your armour is entirely melded.
You are incapable of wielding weapons or throwing items.
You cannot wear most types of armour.
You are amphibious.
You can wear up to eight rings at the same time.
((Your skin changes colour to match your surroundings (Stealth+).))
((Your rubbery body absorbs attacks. (AC +1, EV +1)))
((You are camouflaged when in or above water. (Stealth+)))
((You have tentacles for arms and can constrict up to eight enemies at once.))


Message History

The death yak is almost dead.
You constrict the death yak.
You kill the death yak!
The death yak misses you.
Uskayaw will force your foes to helplessly watch your dance.
Uskayaw prepares the audience for your solo!
The helpless death yak fails to defend itself.
You hit the death yak but do no damage. You grab the death yak.
You constrict the death yak.
The helpless death yak fails to defend itself.
You hit the death yak.
The death yak is lightly wounded.
You constrict the death yak, but do no damage.
The death yak is no longer paralysed.
The death yak gores you!
You take 6 damage, and have 89/116 hp.
The helpless death yak fails to defend itself.
You body-slam the death yak!!
The death yak is heavily wounded.
You constrict the death yak.
The death yak is no longer paralysed. x2
The death yak gores you! The death yak closely misses you.
You take 8 damage, and have 81/116 hp.
You hit the death yak but do no damage.
The death yak is heavily wounded.
You constrict the death yak. The death yak completely misses you.
You hit the death yak.
The death yak is heavily wounded.
You constrict the death yak, but do no damage.
The death yak closely misses you. The death yak completely misses you.
Uskayaw will force your foes to share their pain.
Uskayaw links your audience in an emotional bond!
You release your grip on the death yak.
The death yak closely misses you. The death yak barely misses you.
The death yak gores you.
You fly upwards.
There is a stone staircase leading down here.
You take 5 damage, and have 77/116 hp.
You body-slam the death yak!!
You kill the death yak!
The death yak barely misses you.
You hit the death yak. You grab the death yak.
The death yak is moderately wounded.
You constrict the death yak. The death yak barely misses you.
The death yak misses you.
You hit the death yak.
The death yak is moderately wounded.
You constrict the death yak, but do no damage.
The death yak is no longer sharing its pain.
The death yak gores you!!
You take 24 damage, and have 54/117 hp.
MASSIVE DAMAGE!!
You are too injured to fight recklessly!
You lash the death yak!
The death yak is heavily wounded.
You constrict the death yak. The death yak gores you. The death yak misses you.
You hit the death yak.
The death yak is severely wounded.
You constrict the death yak, but do no damage.
The death yak gores you! The death yak closely misses you.
You take 16 damage, and have 38/117 hp.
You body-slam the death yak!!
You kill the death yak!
You constrict the death yak.
The death yak is no longer sharing its pain.
You can now merge with and destroy a victim.
You hit the death yak but do no damage.
The death yak is heavily wounded.
You constrict the death yak, but do no damage.
The death yak closely misses you.
You hit the death yak but do no damage.
The death yak is heavily wounded.
You constrict the death yak, but do no damage.
The death yak gores you but does no damage.
You hit the death yak.
The death yak is heavily wounded.
You constrict the death yak. The death yak closely misses you.
You lash the death yak!
The death yak is severely wounded.
You constrict the death yak. You lash the death yak!
The death yak is almost dead.
You constrict the death yak. The death yak completely misses you.
You lash the death yak!
You kill the death yak!
You have reached level 14!
You regained 2 hp, and now have 42/124 hp.
MP restored: 21 You start resting.
HP restored.
Health restored: 124 You fly downwards.
The death yak gores you! The death yak gores you.
There is a stone staircase leading up, spattered with blood here.
You take 16 damage, and have 108/124 hp.
The death yak gores you!! x2
You fly upwards.
There is a stone staircase leading down, spattered with blood here.
You take 41 damage, and have 67/124 hp.
MASSIVE DAMAGE!!
You hit the death yak but do no damage. You grab the death yak.
You constrict the death yak. The death yak closely misses you.
The death yak misses you.
You hit the death yak.
The death yak is lightly wounded.
You constrict the death yak. The death yak misses you. x2
You lash the death yak!
The death yak is lightly wounded.
You constrict the death yak, but do no damage.
The death yak is no longer sharing its pain.
The death yak completely misses you.
You hit the death yak.
The death yak is lightly wounded.
You constrict the death yak. The death yak misses you.
You lash the death yak!
The death yak is moderately wounded.
You constrict the death yak. The death yak closely misses you.
The death yak barely misses you.
You completely miss the death yak.
The death yak is moderately wounded.
You constrict the death yak.
The death yak is no longer sharing its pain.
The death yak closely misses you. The death yak gores you.
You can now pass through a line of other dancers.
You take 2 damage, and have 66/124 hp.
You body-slam the death yak!!
The death yak is heavily wounded.
You constrict the death yak. The death yak barely misses you.
You lash the death yak!
The death yak is severely wounded.
You constrict the death yak. The death yak gores you!!
You take 19 damage, and have 47/124 hp.
You lash the death yak!
The death yak is moderately wounded.
You constrict the death yak.
The death yak gores you but does no damage.
The death yak barely misses you.
Uskayaw will force your foes to helplessly watch your dance.
Uskayaw prepares the audience for your solo!
The helpless death yak fails to defend itself.
You hit the death yak.
The death yak is moderately wounded.
You constrict the death yak!
The death yak is no longer paralysed.
The death yak gores you!
* * * LOW HITPOINT WARNING * * *
You take 17 damage, and have 31/124 hp.
You hit the death yak but do no damage.
The death yak is severely wounded.
You constrict the death yak.
The death yak is no longer paralysed.
The death yak gores you!!
* * * LOW HITPOINT WARNING * * *
You take 22 damage, and have 9/124 hp.
You feel much better.
You constrict the death yak. The death yak gores you!
* * * LOW HITPOINT WARNING * * *
The death yak gores you!
You die...

#P..............#........
##...............#.#.....
##...............#......
#P....................[.
##.....................<
#.......................
##......................
###.................#....
##........................
#.......................#.


You could see 2 death yaks.

Vanquished Creatures
  An orc warlord (Orc:1)
  Snorg (Lair:3)
  A centaur warrior (D:10)
  A two-headed ogre (Orc:1)
  Erica (D:10)
  4 death yaks
  2 orc high priests
  The ghost of pigah the Mimic, a novice OpSh of Gozag (D:9)
  A deep troll (Lair:3)
  7 orc sorcerers
  2 cyclopes (D:11)
  3 black mambas
  2 kobold blastminers (Orc:2)
  Joseph (D:7)
  A gargoyle (D:10)
  4 cane toads
  6 komodo dragons
  4 rime drakes
  5 trolls
  3 polar bears
  A hornet (D:10)
  A raiju (Lair:3)
  9 blink frogs (Lair:1)
  A spriggan (Lair:1)
  A wraith (D:11)
  4 wyverns
  29 yaks
  Menkaure (D:7)
  3 basilisks
  2 redbacks (Lair:3)
  3 wargs
  4 vampire mosquitoes (D:11)
  Duvessa (D:7)
  9 water moccasins
  2 ice beasts (D:8)
  2 sky beasts
  3 black bears
  27 orc warriors
  23 wolves
  4 ogres
  3 phantoms
  4 centaurs
  2 kobold brigands
  8 bullfrogs
  A scorpion (D:5)
  11 wights
  16 killer bees
  4 electric eels
  5 howler monkeys
  2 bombardier beetles (D:5)
  A gnoll bouda (D:9)
  3 jellies
  13 orc priests
  Crazy Yiuf (D:2)
  8 hounds
  2 iguanas
  12 orc wizards
  2 centaur simulacra (D:8)
  2 hound skeletons (D:3)
  Robin (D:3)
  7 gnolls
  6 adders
  A shadow imp (D:6)
  6 white imps
  2 adder zombies (D:3)
  3 dart slugs
  4 ribbon worms
  78 orcs
  3 ball pythons
  7 endoplasms
  5 giant cockroaches
  15 goblins
  16 hobgoblins
  4 jackals (D:3)
  6 quokkas
  A ball python zombie (D:3)
  5 bats
  3 frilled lizards
  A jackal zombie (D:3)
  18 kobolds
  5 rats
478 creatures vanquished.

Vanquished Creatures (others)
  2 orcs (Orc:2)
  A kobold (D:10)
3 creatures vanquished.

Grand Total: 481 creatures vanquished

Notes
Turn   | Place    | Note
-------+----------+-------------------------------------------
     0 | D:1      | mdonais the Octopode Wanderer began the quest for the Orb.
     0 | D:1      | mdonais set off with the following items: a +0 dagger, a
                  | potion of heal wounds, a scroll of fog, a +0 hat, a potion
                  | of haste, a scroll of teleportation.
     0 | D:1      | Reached XP level 1. HP: 14/14 MP: 1/1
    93 | D:1      | Reached skill level 1 in Stealth
   121 | D:1      | Found a faded altar of an unknown god.
   141 | D:1      | Prayed at the altar of an unknown god.
   141 | D:1      | Became a worshipper of Uskayaw the Reveller
   141 | D:1      | Reached * piety under Uskayaw
   279 | D:1      | Reached XP level 2. HP: 19/19 MP: 2/2
   650 | D:1      | Reached ** piety under Uskayaw
   858 | D:1      | Reached XP level 3. HP: 16/24 MP: 3/3
  1081 | D:2      | Found a runed translucent door.
  1082 | D:2      | Noticed Crazy Yiuf
  1566 | D:2      | Found a bloodstained altar of Trog.
  1570 | D:2      | Learned a level 2 spell: Jinxbite
  1614 | D:2      | Reached XP level 4. HP: 30/30 MP: 4/4
  2107 | D:3      | Found a burning altar of Makhleb.
  2142 | D:3      | Reached XP level 5. HP: 35/36 MP: 5/5
  2175 | D:3      | Found an ancient bone altar of Kikubaaqudgha.
  2317 | D:3      | Noticed Robin
  2352 | D:3      | Killed Robin
  2718 | D:3      | Found a burning altar of Makhleb.
  2786 | D:3      | Found an ancient bone altar of Kikubaaqudgha.
  3407 | D:4      | Noticed a phantom
  3449 | D:4      | Found a snail-covered altar of Cheibriados.
  3654 | D:4      | Killed a phantom
  3655 | D:4      | Reached XP level 6. HP: 17/43 MP: 6/6
  4185 | D:5      | Entered Level 5 of the Dungeon
  4222 | D:5      | Reached *** piety under Uskayaw
  4228 | D:5      | Reached skill level 5 in Unarmed Combat
  4320 | D:5      | Found a shimmering blue altar of Sif Muna.
  4468 | D:5      | Found a staircase to the Ecumenical Temple.
  4479 | Temple   | Entered the Ecumenical Temple
  4484 | Temple   | Reached skill level 5 in Fighting
  4534 | Temple   | Reached skill level 1 in Invocations
  4534 | Temple   | Reached XP level 7. HP: 50/50 MP: 6/8
  5509 | D:5      | Reached XP level 8. HP: 39/56 MP: 11/11
  5607 | D:5      | Found a glowing golden altar of the Shining One.
  6132 | D:5      | Got Sif Muna's Papyrus of Flame
  6138 | D:5      | Found a bloodstained altar of Trog.
  6229 | D:5      | Reached skill level 5 in Invocations
  6640 | D:6      | Reached **** piety under Uskayaw
  6865 | D:6      | Found a sparkling altar of Nemelex Xobeh.
  6865 | D:6      | Found a basalt altar of Yredelemnul.
  6903 | D:6      | Reached XP level 9. HP: 60/64 MP: 13/13
  7042 | D:6      | Found Wihe's Jewellery Shoppe.
  7431 | D:7      | Noticed Duvessa
  7431 | D:7      | Noticed Dowan
  7632 | D:7      | Noticed Menkaure
  7974 | D:7      | Reached ***** piety under Uskayaw
  8301 | D:7      | Noticed Joseph
  8659 | D:8      | Found a stormy altar of Qazlal.
  8724 | D:8      | Found a flagged portal.
  8788 | Bailey   | Entered a bailey
  8807 | Bailey   | Reached skill level 1 in Shapeshifting
  9313 | Bailey   | Reached XP level 10. HP: 27/72 MP: 14/14
  9668 | D:8      | Reached skill level 5 in Shapeshifting
  9819 | D:8      | Found an iron altar of Okawaru.
 10626 | D:6      | Bought a +4 ring of protection for 432 gold pieces
 11476 | D:9      | Found a runed translucent gate.
 11481 | D:9      | Found a runed translucent gate.
 11481 | D:9      | Found a runed translucent gate.
 11481 | D:9      | Noticed pigah's ghost (novice OpSh)
 11956 | D:9      | Found a hazy altar of Hepliaklqana.
 12159 | D:9      | Reached XP level 11. HP: 78/78 MP: 16/16
 12161 | D:9      | Found a white marble altar of Elyvilon.
 12268 | D:9      | Found an ornate altar of the Wu Jian Council.
 12285 | D:9      | Noticed a two-headed ogre
 12347 | D:9      | Killed pigah's ghost
 12426 | D:10     | Entered Level 10 of the Dungeon
 12629 | D:10     | Noticed a centaur warrior
 12638 | D:10     | Killed a centaur warrior
 12649 | D:10     | Found a radiant altar of Vehumet.
 12732 | D:10     | Found a shadowy altar of Dithmenos.
 13041 | D:10     | Noticed Erica
 13132 | D:10     | Killed Erica
 13394 | D:10     | Reached ****** piety under Uskayaw
 13986 | D:2      | Killed Crazy Yiuf
 14172 | D:7      | Killed Menkaure
 14188 | D:7      | Killed Joseph
 14368 | D:7      | Dowan changed into Dowan the sky beast
 14368 | D:7      | Noticed Dowan
 14376 | D:7      | Killed Dowan the sky beast
 14382 | D:7      | Killed Duvessa
 14570 | D:11     | Noticed a cyclops
 14579 | D:11     | Killed a cyclops
 14580 | D:11     | Reached skill level 10 in Fighting
 14580 | D:11     | Reached skill level 10 in Unarmed Combat
 14676 | D:11     | Reached skill level 5 in Stealth
 15037 | D:11     | Found a staircase to the Lair.
 15473 | D:11     | Reached XP level 12. HP: 87/87 MP: 18/18
 15743 | D:11     | Found a staircase to the Orcish Mines.
 16347 | Lair:1   | Entered Level 1 of the Lair of Beasts
 17120 | Lair:1   | Reached skill level 1 in Evocations
 18801 | Lair:3   | Noticed Sonja
 18803 | Lair:3   | Sonja changed into Sonja the raiju
 18803 | Lair:3   | Noticed Sonja
 18807 | Lair:3   | Killed Sonja the raiju
 18938 | Lair:3   | Noticed Urug
 18939 | Lair:3   | Urug changed into Urug the deep troll
 18939 | Lair:3   | Noticed Urug
 18958 | Lair:3   | Killed Urug the deep troll
 18959 | Lair:3   | Reached XP level 13. HP: 76/96 MP: 19/19
 19124 | Lair:3   | Noticed Snorg
 19581 | Orc:1    | Entered Level 1 of the Orcish Mines
 20465 | Orc:2    | Entered Level 2 of the Orcish Mines
 20685 | Orc:2    | Found Tymuuts's Jewellery Shoppe.
 21118 | Orc:2    | Noticed an orc warlord
 21151 | Orc:1    | Killed an orc warlord
 21658 | Orc:2    | Found a staircase to the Elven Halls.
 21751 | Orc:2    | Found Duav's Antique Weapon Shop.
 21908 | Orc:2    | Found Neteun Ecex's Antique Armour Emporium.
 22709 | Orc:2    | Paralysed by an orc sorcerer for 2 turns
 22935 | Orc:2    | Found Tefrel's General Store.
 23402 | D:6      | Bought a serpent talisman for 360 gold pieces
 23602 | Orc:2    | Bought a +5 ring of evasion for 432 gold pieces
 23603 | Orc:2    | Bought a +6 ring of dexterity for 432 gold pieces
 23773 | D:6      | Bought a ring of protection from cold for 300 gold pieces
 24134 | Lair:3   | Killed Snorg
 24205 | Lair:3   | Found a staircase to the Shoals.
 24337 | Lair:3   | Reached skill level 10 in Shapeshifting
 24850 | Lair:3   | Found a hole to the Spider Nest.
 25610 | Lair:3   | Reached XP level 14. HP: 42/104 MP: 21/21
 25829 | Lair:3   | Slain by a death yak

Illustrated notes

Levels and vault maps discovered:
D:1:      minmay_arrival_four_houses, layout_loops_ring,
          hellmonk_ecumenical_altar_lost_god, minmay_misc_feat_pillars,
          glass_columns_b
D:2:      layout_loops_ring, basic_altar, uniq_crazy_yiuf_cottage
D:3:      layout_basic, mainiacjoe_overflow_alcove_4,
          mainiacjoe_overflow_concentric_impassable, serial_undead,
          serial_undead_d, serial_undead_b, serial_undead_d, serial_undead_c,
          serial_undead_e, uniq_robin
D:4:      layout_basic, slow_altar_2, skrybe_limestone_x, serial_park_tiny_pond,
          ebering_dispersal_statue_hall, hangedman_abyss_or_decor_stagger,
          dk_vineyard_2
D:5:      layout_basic, nzn_overflow_gifts_of_might_and_magic,
          lemuel_doored_altar, minmay_temple_entry_glass, water_boxes_lemuel
D:6:      layout_rooms, gammafunk_temple_overflow_elements, serial_shops,
          nicolae_shop_competitors_out_of_business
D:7:      layout_loops_corners, uniq_duvessa, uniq_menkaure, uniq_joseph
D:8:      layout_basic, okawaru_altar_gauntlet_db, old_standard_altar,
          serial_ice, serial_ice_e, serial_ice_k, serial_ice_o, serial_ice_a,
          serial_ice_g, serial_ice_b, enter_bailey_5
D:9:      minmay_the_grid_triangle_9x9_rhombus_thin
          [minmay_the_grid_triangle_9x9_checkered,
          minmay_the_grid_triangle_9x9_prize_schism,
          minmay_the_grid_triangle_9x9_empty,
          minmay_the_grid_triangle_9x9_impossible_snake], layout_stronghold,
          pdpol_wu_jian_five_deadly_venoms, elyvilon_altar_5,
          worldfamousw_hep_ancestral_shrine, ebering_ghost_rock_garden,
          kennysheep_generic_room_3
D:10:     layout_long_grid, marbit_many_paths, mainiacjoe_overflow_chevrons,
          uniq_erica
D:11:     layout_long_grid, erik_lair_island, david_orc_5
Temple:   nicolae_temple_little_seven
Lair:1:   layout_layer_cave, cheibrodos_lair_caveside_slide,
          grunt_forest_large_clearings
Lair:2:   layout_roguey, minivault_27, minivault_11, grunt_megastairs_5,
          lemuel_fruit_tree
Lair:3:   layout_layer_cave, shoals_dummy_entry, spider_nest_entry_webs,
          uniq_urug, uniq_snorg, uniq_sonja
Lair:4:   layout_gridlike, infiniplex_staircase_pool_2, grunt_megastairs_4,
          serial_bayou_shore_a
Orc:1:    minmay_goldmine, layout_diamond_mine
Orc:2:    grunt_orc_gardens, layout_caves, grunt_orc_garden, grunt_orc_garden,
          grunt_orc_garden, grunt_orc_garden

Skill      XL: |  1  2  3  4  5  6  7  8  9 10 11 12 13 |
---------------+----------------------------------------+-----
Stealth        | 2 3 4 6 8 |  8.0
Fighting       | 3 4 5 7 8 10 11 12 | 12.4
Unarmed Combat | 4 5 7 8 10 11 12 | 12.4
Invocations    | 1 4 5 6 8 9 |  9.7
Dodging        | 6 8 |  8.7
Shapeshifting  | 4 7 10 | 10.0
Evocations     | 3 |  3.0

Action                     |  1- 3 |  4- 6 |  7- 9 | 10-12 | 13-15 || total
---------------------------+-------+-------+-------+-------+-------++-------
  Melee: Dagger            |    10 |       |       |       |       ||    10
         Unarmed           |    74 |    81 |   324 |   676 |   351 ||  1506
         Constrict         |    24 |    19 |    56 |   113 |    81 ||   293
         Tentacles         |    15 |    22 |    69 |   224 |    77 ||   407
         Punch             |     8 |     1 |    26 |     6 |     1 ||    42
   Fire: Sling             |     6 |   111 |     4 |       |       ||   121
         Orcbow            |       |       |    61 |    11 |       ||    72
  Throw: Dart              |       |       |       |     9 |       ||     9
   Cast: Jinxbite          |       |       |     1 |       |       ||     1
 Invoke: Stomp             |       |       |     1 |     1 |       ||     2
         Line Pass         |       |       |       |       |     1 ||     1
  Evoke: Wand              |       |       |       |    13 |     1 ||    14
    Use: Potion            |       |     2 |     7 |     2 |     2 ||    13
         Scroll            |       |     6 |     5 |     3 |     4 ||    18
   Stab: Sleeping          |    12 |       |     4 |     4 |     9 ||    29
         Paralysed         |       |       |    11 |    63 |    25 ||    99
         Distracted        |       |       |     2 |       |     1 ||     3
 Armour: Skin              |    27 |    26 |   191 |   237 |   141 ||   622
  Dodge: Dodged            |    45 |    54 |   212 |   532 |   286 ||  1129
   Form: Flux              |       |       |       |     1 |       ||     1
         Serpent           |       |       |       |       |     1 ||     1
